 Dungeon Crawl Stone Soup version 0.30-a0-595-g91969c0fa5 (webtiles) character file.

Game seed: 10759844204456608288

1348 fiddlydigital the Nimble (level 8, 0/38 HPs)
             Began as a Felid Summoner on Jan 5, 2023.
             Killed from afar by a deep elf pyromancer (31 damage)
             ... with a bolt of fire
             ... on level 7 of the Dungeon on Jan 6, 2023.
             The game lasted 01:57:45 (8044 turns).

fiddlydigital the Nimble (Felid Summoner)           Turns: 8044, Time: 01:57:45

Health: 0/38       AC:  2    Str:  1 (4)  XL:     8   Next: 36%
Magic:  7/18       EV: 36    Int: 17 (20) God:
Gold:   297        SH:  0    Dex: 14 (17) Spells: 7/20 levels left
                                        Lives:  0   Deaths: 2

rFire   . . .      SeeInvis +    (weapon unavailable)
rCold   . . .      Faith    .    (shield unavailable)
rNeg    . . .      Spirit   .    (body armour unavailable)
rPois   +          Reflect  .    (helmet unavailable)
rElec   .          Harm     .    (cloak unavailable)
rCorr   .          Rampage  .    (gloves unavailable)
Will    +....                    (boots unavailable)
Stlth   ++                       h - amulet of the acrobat
HPRegen 0.26/turn                k - ring of poison resistance
MPRegen 0.16/turn                (no ring)

@: acrobatic, quick
A: very small, claws 1, fangs 3, see invisible, speed 1, shaggy fur 2, stealthy
paws, no weapons or thrown items, no armour, multi-lived
a: no special abilities


You were on level 7 of the Dungeon.
You visited 2 branches of the dungeon, and saw 8 of its levels.

You collected 297 gold pieces.

Inventory:

Jewellery
 h - an amulet of the acrobat (around neck)
 k - a ring of poison resistance (left paw)
Wands
 a - a wand of paralysis (9)
Scrolls
 c - a scroll of fog
 g - a scroll of magic mapping
 j - a scroll of amnesia
 q - a scroll of teleportation
 s - a scroll of torment {unknown}
 u - a scroll of fear {unknown}
 v - 2 scrolls of poison
Potions
 e - a potion of degeneration
 f - a potion of brilliance {unknown}
 i - a potion of mutation {unknown}
 l - 2 potions of attraction
 o - a potion of ambrosia {unknown}
 p - a potion of cancellation
 r - a potion of resistance {unknown}


   Skills:
 + Level 6.1 Fighting
 + Level 8.6 Dodging
 - Level 2.6 Stealth
 + Level 6.5 Spellcasting
 - Level 5.0 Hexes
 + Level 8.0 Summonings
 + Level 4.3 Air Magic


You had 7 spell levels left.
You knew the following spells:

 Your Spells              Type           Power      Damage    Failure   Level
a - Summon Small Mammal   Summ           100%       N/A       1%          1
b - Call Imp              Summ           32%        N/A       1%          2
c - Call Canine Familiar  Summ           32%        N/A       1%          3
d - Summon Guardian Gole  Hex/Summ       27%        N/A       2%          3
e - Summon Lightning Spi  Summ/Air       26%        N/A       10%         4

Your spell library contained the following spells:

 Spells                   Type           Power      Damage    Failure   Level
 Confusing Touch          Hex            22%        N/A       4%          3
 Kiss of Death            Conj/Necr      20%        2d7       12%         1
 Magic Dart               Conj           20%        1d4       12%         1
 Searing Ray              Conj           10%        2d4       19%         2
 Fulminant Prism          Conj/Hex       7%         3d7       41%         4
 Dispel Undead            Necr           5%         3d7       77%         4
 Alistair's Intoxication  Tmut/Pois      3%         N/A       98%         5
 Borgnjor's Vile Clutch   Necr/Erth      2%         N/A       98%         5
 Eringya's Noxious Bog    Tmut/Pois      2%         N/A       100%        6


Dungeon Overview and Level Annotations

Branches:
Dungeon (7/15)             Temple (1/1) D:7

Altars:
Ashenzari
Cheibriados
Dithmenos
Elyvilon
Fedhas
Hepliaklqana
Kikubaaqudgha
Makhleb
Nemelex Xobeh
Okawaru
Qazlal
Ru
Sif Muna
Trog
Uskayaw
Vehumet
Xom
Yredelemnul
Zin
The Shining One

Shops:
D:1 (=:


Innate Abilities, Weirdness & Mutations

You have sharp claws.
You have razor-sharp teeth.
You have supernaturally acute eyesight. (SInv)
You cover ground quickly. (Speed+)
You are covered in thick fur. (AC +2)
Your paws help you pounce on unaware monsters.
You are incapable of wielding weapons or throwing items.
You cannot wear armour.
You gain extra lives every three experience levels.


Message History

The fire elemental hits your lightning spire.
The fire elemental burns your lightning spire!
Your lightning spire completely resists.
You swap places.
Something barely misses your lightning spire.
The fire elemental hits your lightning spire.
The fire elemental burns your lightning spire!
Your lightning spire completely resists.
Something hits your lightning spire.
The fire elemental hits your lightning spire.
The fire elemental burns your lightning spire!
Your lightning spire completely resists.
Your lightning spire is destroyed!
Your lightning spire disappears in a puff of smoke!
Your hound barely misses the fire elemental.
Casting: Summon Lightning Spire (quite dangerous; 10% risk of failure)
Confirm with . or Enter, or press ? or * to list all spells.
The spell is quite dangerous to miscast (10% risk of failure)!
Continue anyway?
Uppercase [Y]es or [N]o only, please.
The spell is quite dangerous to miscast (10% risk of failure)!
Continue anyway?
An electric hum fills the air.
Your hound closely misses the fire elemental.
Your hound bites the fire elemental.
You swap places.
The deep elf pyromancer casts a spell at you.
The bolt of fire hits your guardian golem!
Your guardian golem resists.
The bolt of fire hits you!
Your hound bites the deep elf pyromancer.
The deep elf pyromancer hits your guardian golem with a +0 dagger.
Your guardian golem overheats!
Flame seeps out of your guardian golem.
The deep elf pyromancer gestures wildly while chanting.
Your guardian golem is engulfed in blazing flames.
Flame seeps out of your guardian golem. x2
You hear an explosion!
The deep elf pyromancer gestures at you while chanting.
The bolt of fire hits you!!
Ouch! That really hurt!
You die...

#..##.#
#.###..#.......###95E.
##[...# #.#
#..#)####...##.##.
...⌠..######.#
#..#....###..#.##.
##....##.....#
##.#h§....##.#9..#
#..##....###.#
#8e)°....?#.'#..#
..##..#### #.#
#.#).....##.#...#
.##..##
#.####.#....###..#.##.
.#..#
#...##.#.####...##.##.
...#
###..@.#..[)†..###....
...
####.###############
#### #........†.......
#################


You could see a deep elf pyromancer and a friendly lightning spire (summoned).

Vanquished Creatures
  A vampire mosquito (D:7)
  A water moccasin (D:7)
  An orc wizard (D:6)
  A bat (D:3)
4 creatures vanquished.

Vanquished Creatures (collateral kills)
  Grinder (D:5)
  A slime creature (D:7)
  Menkaure (D:4)
  2 sky beasts (D:7)
  An ice beast (D:6)
  A phantom (D:4)
  2 bullfrogs
  2 scorpions (D:6)
  A necrophage (D:4)
  Dowan (D:6)
  A killer bee (D:7)
  A howler monkey (D:7)
  3 hounds
  3 jellies
  2 orc priests (D:4)
  4 iguanas
  6 gnolls
  9 adders
  A shadow imp (D:5)
  A white imp (D:4)
  3 worms
  2 dart slugs
  8 orcs
  3 ball pythons (D:3)
  13 endoplasms
  3 giant cockroaches
  2 goblins
  2 hobgoblins
  5 jackals
  8 kobolds
  3 quokkas
  6 bats
  2 frilled lizards
  8 rats
112 creatures vanquished.

Vanquished Creatures (others)
  Pikel (D:4)
  An ugly thing (D:7)
  A cyclops (D:7)
  A steam dragon (D:7)
  A water moccasin (D:6)
  Duvessa (D:6)
  An ice beast (D:7)
  A centaur (D:5)
  A scorpion (D:6)
  A gnoll sergeant (D:4)
  A hound (D:7)
  3 jellies
  A gnoll bouda (D:7)
  2 iguanas (D:7)
  6 gnolls
  2 orcs
25 creatures vanquished.

Grand Total: 141 creatures vanquished

Notes
Turn   | Place    | Note
-------+----------+-------------------------------------------
     0 | D:1      | fiddlydigital the Felid Summoner began the quest for the
                  | Orb.
     0 | D:1      | Reached XP level 1. HP: 7/7 MP: 4/4
   147 | D:1      | Found Itoshrod's Jewellery Shoppe.
   173 | D:1      | Found Toely's Antique Weapon Shoppe.
   275 | D:1      | Reached XP level 2. HP: 11/11 MP: 6/6
   282 | D:1      | Learned a level 2 spell: Call Imp
   341 | D:1      | Found Xotoefaly's Book Shoppe.
   814 | D:2      | Reached XP level 3. HP: 14/14 MP: 2/8
   819 | D:2      | Learned a level 3 spell: Call Canine Familiar
  1016 | D:2      | Found a faded altar of an unknown god.
  1634 | D:3      | Reached XP level 4. HP: 18/18 MP: 2/9
  1665 | D:2      | Learned a level 3 spell: Summon Guardian Golem
  1775 | D:3      | Found a broken altar of Ashenzari.
  2236 | D:3      | Reached skill level 5 in Summonings
  2355 | D:3      | Reached skill level 1 in Hexes
  2477 | D:3      | Reached skill level 1 in Fighting
  2477 | D:3      | Reached XP level 5. HP: 18/22 MP: 3/11
  3114 | D:4      | Noticed a lemure
  3115 | D:4      | Noticed a lemure
  3392 | D:4      | Noticed Pikel
  3397 | D:4      | Noticed a lemure
  3401 | D:4      | Noticed a lemure
  3454 | D:4      | Killed Pikel
  3455 | D:4      | Gained mutation: You are covered in thick fur. (AC +2)
                  | [Felid growth]
  3455 | D:4      | Reached XP level 6. HP: 21/27 MP: 9/13
  3455 | D:4      | Reached XP level 7. HP: 23/30 MP: 9/14
  4104 | D:4      | Reached skill level 5 in Dodging
  4206 | D:4      | Noticed Menkaure
  4222 | D:4      | Killed Menkaure
  4514 | D:4      | Reached skill level 5 in Hexes
  4667 | D:5      | Entered Level 5 of the Dungeon
  4731 | D:4      | Learned a level 4 spell: Summon Lightning Spire
  4827 | D:4      | Reached XP level 8. HP: 33/34 MP: 10/16
  5030 | D:5      | Reached skill level 1 in Air Magic
  5074 | D:5      | Found a stormy altar of Qazlal.
  5171 | D:5      | Noticed Grinder
  5215 | D:5      | Killed Grinder
  5216 | D:5      | Reached skill level 5 in Spellcasting
  5713 | D:6      | Found a burning altar of Makhleb.
  5859 | D:6      | Noticed Dowan
  5864 | D:6      | Noticed Duvessa
  5876 | D:6      | Killed Duvessa
  6039 | D:6      | Killed Dowan
  6255 | D:6      | Reached XP level 9. HP: 39/39 MP: 4/18
  6585 | D:6      | Found a glowing golden altar of the Shining One.
  6830 | D:7      | Found a staircase to the Ecumenical Temple.
  6901 | Temple   | Entered the Ecumenical Temple
  7105 | Temple   | Upgraded the game from 0.30-a0-591-g3c58d2bc28 to
                  | 0.30-a0-595-g91969c0fa5
  7253 | D:7      | Noticed a cyclops
  7268 | D:7      | Reached skill level 5 in Fighting
  7272 | D:7      | Killed a cyclops
  7451 | D:7      | Noticed a green ugly thing
  7536 | D:7      | Killed a green ugly thing
  7548 | D:7      | Engulfed by a steam dragon's steam
  7549 | D:7      | Reached XP level 8. HP: -1/38 MP: 2/18
  7655 | D:7      | Noticed a slime creature
  7670 | D:7      | Killed a slime creature
  7671 | D:7      | Reached XP level 9. HP: 14/41 MP: 7/19
  7868 | D:7      | Noticed a manticore
  7875 | D:7      | Noticed a deep elf pyromancer
  7892 | D:7      | Noticed an unseen horror
  7892 | D:7      | Killed by an exploding vampire mosquito... ignited by their
                  | inner flame
  7893 | D:7      | Reached XP level 8. HP: -20/38 MP: 2/18
  8044 | D:7      | Killed from afar by a deep elf pyromancer

Illustrated notes

Levels and vault maps discovered:
D:1:      kennysheep_arrival_forest, layout_basic, serial_shops, shop,
          nicolae_shop_trees, shop_statue
D:2:      layout_rooms, ebering_ecumenical_altar_hall
D:3:      layout_loops_ring, evilmike_ruin_ashenzari, nicolae_hexahallways
D:4:      layout_basic, lightli_minifort, uniq_menkaure, uniq_pikel
D:5:      layout_basic, mainiacjoe_overflow_alcove_2, kennysheep_doodads,
          minmay_misc_feat_diagonals, solitary_fountain, skrybe_limestone_x,
          uniq_grinder
D:6:      layout_rooms, mainiacjoe_overflow_brackets, tso_oasis_becter,
          serial_glass, glass_columns_b, glass_columns_b, uniq_duvessa
D:7:      layout_loops_ring, grunt_gozag_statues, minmay_temple_entry_waves,
          grunt_decor_one_mirror, minmay_the_grid_2x2
          [minmay_the_grid_large_cup, minmay_the_grid_square_x,
          minmay_the_grid_minigrid_small, minmay_the_grid_prize_four_corners]
Temple:   nicolae_temple_elliptical

Skill      XL: |  1  2  3  4  5  6  7  8  9 |
---------------+----------------------------+-----
Spellcasting   | 3 4 5 6 |  6.5
Summonings     | 5 6 8 |  8.0
Hexes          | 1 4 5 |  5.0
Dodging        | 3 4 5 6 8 |  8.6
Fighting       | 1 2 3 6 5 |  6.1
Air Magic      | 2 4 |  4.3
Stealth        | |  2.6

Action                   |  1- 3 |  4- 6 |  7- 9 || total
-------------------------+-------+-------+-------++-------
Melee: Unarmed           |     2 |     1 |    22 ||    25
 Cast: Summon Small Mamm |    36 |    39 |    20 ||    95
       Call Imp          |    13 |    17 |    27 ||    57
       Call Canine Famil |     4 |    13 |    48 ||    65
       Summon Guardian G |       |     1 |    46 ||    47
       Summon Lightning  |       |       |     3 ||     3
Evoke: Wand              |       |       |     2 ||     2
  Use: Scroll            |     5 |     1 |    10 ||    16
       Potion            |       |     1 |     9 ||    10
 Stab: Distracted        |       |       |     1 ||     1
Armor: Skin              |     5 |     2 |     4 ||    11
Dodge: Dodged            |    25 |    35 |   160 ||   220

Table legend: (Time is in decaauts)
 A = Elapsed time spent in this place.
 B = Non-inter-level travel time spent in this place.
 C = Inter-level travel time spent in this place.
 D = Time resting spent in this place.
 E = Time spent auto-exploring this place.
 F = Levels seen in this place.
 G = Mean time per level.
                   A        B        C        D        E       F      G
               +--------+--------+--------+--------+--------+-----+--------+
         Total |   6752 |   5488 |   1264 |      0 |      0 |   8 |  844.0 |
       Dungeon |   6562 |   5324 |   1238 |      0 |      0 |   7 |  937.4 |
        Temple |    190 |    165 |     25 |      0 |      0 |   1 |  190.0 |
               +--------+--------+--------+--------+--------+-----+--------+

Top non-repeatable levels by time:
     D:4: 1648 daAuts
     D:3: 1133 daAuts
     D:7: 926 daAuts
     D:6: 874 daAuts
     D:5: 709 daAuts
     D:2: 641 daAuts
     D:1: 628 daAuts
  Temple: 190 daAuts
